 Dungeon Crawl Stone Soup version 0.27-a0-242-ge0fc76b88b (webtiles) character file.

Game seed: 18343710035155650835

99 Borgoz the Slasher (level 4, 0/38 HPs)
             Began as a Ghoul Gladiator on Feb 3, 2021.
             Slain by a gnoll
             ... wielding a +0 halberd
              (11 damage)
             ... on level 2 of the Dungeon.
             The game lasted 00:03:17 (1674 turns).

Borgoz the Slasher (Ghoul Gladiator)                Turns: 1674, Time: 00:03:18

Health: 0/38       AC:  5    Str: 17    XL:     4   Next: 72%
Magic:  3/3        EV: 12    Int:  3    God:
Gold:   118        SH:  5    Dex: 11    Spells: 3/3 levels left

rFire    . . .     SeeInvis .   a - +0 long sword
rCold    + . .     Faith    .   (no shield)
rNeg     + + +     Spirit   .   q - +0 troll leather armour
rPois    ∞         Reflect  +   c - +0 helmet
rElec    .         Harm     .   (no cloak)
rCorr    .         Rampage  .   (no gloves)
Will     .....                  (no boots)
Stlth    ++........             n - amulet of reflection
HPRegen  0.00/turn              p - ring of stealth
MPRegen  0.08/turn              (no ring)

@: no status effects
A: claws 1, cold resistance 1, negative energy resistance 3, inhibited
regeneration, torment resistance, unbreathing
a: no special abilities


You were on level 2 of the Dungeon.
You visited 1 branch of the dungeon, and saw 2 of its levels.

You collected 118 gold pieces.

Inventory:

Hand Weapons
 a - a +0 long sword (weapon)
Missiles
 d - 3 throwing nets (quivered)
Armour
 c - a +0 helmet (worn)
 q - a +0 troll leather armour (worn)
Jewellery
 b - an uncursed amulet of faith {unknown}
 n - an amulet of reflection (around neck)
 p - a ring of stealth (left claw)
Scrolls
 e - 3 scrolls of teleportation
 g - a scroll of fear {unknown}
 h - a scroll of blinking {unknown}
 l - a scroll of amnesia {unknown}
Potions
 o - a potion of heal wounds


   Skills:
 + Level 3.0 Fighting
 * Level 3.6 Long Blades
 - Level 1.8 Throwing
 + Level 1.3 Armour
 + Level 3.2 Dodging


You had 3 spell levels left.
You didn't know any spells.
Your spell library was empty.

Dungeon Overview and Level Annotations

Branches:
Dungeon (2/15)

Altars:
Makhleb
Yredelemnul


Innate Abilities, Weirdness & Mutations

You thrive by killing the living.
You are immune to poison.
You have sharp fingernails.
Your flesh is cold resistant. (rC+)
You are immune to negative energy. (rN+++)
You do not regenerate when monsters are visible.
You are immune to unholy pain and torment.
You can survive without breathing.


Message History

You feel much better. The gnoll hits you with a +0 spear!
The gnoll misses you. x2
You hit the gnoll.
You kill the gnoll!
The gnoll hits you but does no damage.
The gnoll hits you from afar with a +0 halberd!
The gnoll closely misses you. The gnoll completely misses you.
The gnoll closely misses you. You block the gnoll's attack.
You slash the gnoll!
You kill the gnoll!
You feel better.
The gnoll hits you from afar with a +0 spear.
The gnoll hits you with a +0 halberd.
The gnoll hits you from afar with a +0 spear.
* * * LOW HITPOINT WARNING * * *
Your Fighting skill increases to level 3!
You hit the gnoll.
The gnoll is moderately wounded.
The gnoll barely misses you. The gnoll hits you with a +0 halberd!
You die...

#.#######.#
#.# #.# #.#
#.# #.# #.#
#.# #.# #.#
#.# #.#
#.######
###.#
#.....)#
....#
######@#
##### #g#
#g# #.# #.#
#.# #.# #.#


You could see 2 gnolls.

Vanquished Creatures
  Natasha (D:2)
  3 gnolls
  A worm (D:2)
  A dart slug (D:1)
  2 leopard geckos (D:1)
  A giant cockroach (D:1)
  3 goblins (D:1)
  10 hobgoblins
  4 kobolds
  6 bats
  3 frilled lizards
  3 rats (D:1)
38 creatures vanquished.

Notes
Turn   | Place    | Note
-------+----------+-------------------------------------------
     0 | D:1      | Borgoz the Ghoul Gladiator began the quest for the Orb.
     0 | D:1      | Reached XP level 1. HP: 17/17 MP: 0/0
    85 | D:1      | Reached XP level 2. HP: 25/25 MP: 1/1
   246 | D:1      | Reached XP level 3. HP: 21/30 MP: 2/2
  1103 | D:2      | Reached skill level 1 in Armour
  1145 | D:2      | Found a basalt altar of Yredelemnul.
  1145 | D:2      | Found a burning altar of Makhleb.
  1330 | D:2      | Noticed Natasha
  1341 | D:2      | Killed Natasha
  1342 | D:2      | Reached XP level 4. HP: 29/37 MP: 3/3
  1674 | D:2      | Slain by a gnoll

Illustrated notes

Levels and vault maps discovered:
D:1:      psy_arrival_basics, layout_basic, minmay_hexomino_c4
D:2:      layout_basic, chequers_temple_overflow_minitemple,
          gammafunk_temple_overflow_wave, uniq_natasha

Skill      XL: |  1  2  3  4 |
---------------+-------------+-----
Long Blades    | 3 |  3.6
Dodging        | 3 |  3.2
Armour         | 1 |  1.3
Fighting       | 3 |  3.0
Throwing       | |  1.8

Action                   |  1- 3 |  4- 6 || total
-------------------------+-------+-------++-------
Melee: Long sword        |    88 |    24 ||   112
  Use: Scroll            |     6 |       ||     6
       Potion            |       |     1 ||     1
 Stab: Sleeping          |       |     1 ||     1
Armor: Leather armour    |    38 |       ||    38
       Troll leather arm |     2 |     5 ||     7
Dodge: Dodged            |    84 |    25 ||   109
Block: Other             |       |     5 ||     5
       Rpst.: Long sword |    26 |     7 ||    33

Table legend: (Time is in decaauts)
 A = Elapsed time spent in this place.
 B = Non-inter-level travel time spent in this place.
 C = Inter-level travel time spent in this place.
 D = Time resting spent in this place.
 E = Time spent auto-exploring this place.
 F = Levels seen in this place.
 G = Mean time per level.
                   A        B        C        D        E       F      G
               +--------+--------+--------+--------+--------+-----+--------+
         Total |   1700 |   1616 |     84 |      8 |   1261 |   2 |  850.0 |
       Dungeon |   1700 |   1616 |     84 |      8 |   1261 |   2 |  850.0 |
               +--------+--------+--------+--------+--------+-----+--------+

Top non-repeatable levels by time:
     D:1: 1118 daAuts
     D:2: 581 daAuts
